 Dungeon Crawl Stone Soup version 0.25.1-4-g9407a263a5 (webtiles) character file.

Game seed: 18125003799432210185

12329 songwithinasong the Grappler (level 11, 0/91 HPs)
             Began as a Minotaur Monk on Nov 25, 2020.
             Was a High Priest of Wu Jian.
             Slain by a titanic slime creature (58 damage)
             ... on level 12 of the Dungeon.
             The game lasted 00:43:01 (13374 turns).

songwithinasong the Grappler (Minotaur Monk)       Turns: 13374, Time: 00:43:01

Health: 0/91       AC: 18    Str: 19    XL:     11   Next: 61%
Magic:  10/10      EV: 12    Int: 10    God:    Wu Jian [*****.]
Gold:   625        SH: 13    Dex: 13    Spells: 10/10 levels left

rFire    . . .     SeeInvis .     - Unarmed
rCold    . . .     Gourm    .   f - +3 kite shield of Vehumet's Displeasure {Int+3}
rNeg     . . .     Faith    .   e - +0 scale mail
rPois    .         Spirit   .   K - +1 hat
rElec    .         Reflect  .   (no cloak)
rCorr    .         Harm     .   t - +0 pair of gloves
MR       +....                  I - +2 pair of boots
Stlth    +.........             (no amulet)
HPRegen  0.25/turn              o - ring of protection from magic
MPRegen  0.12/turn              D - +4 ring of protection

@: no status effects
A: retaliatory headbutt, horns 2
a: Wall Jump, Serpent's Lash, Heavenly Storm, Renounce Religion


You were on level 12 of the Dungeon.
You worshipped Wu Jian.
Wu Jian was extremely pleased with you.
You were not hungry.

You visited 2 branches of the dungeon, and saw 13 of its levels.
You also visited: Ossuary.

You collected 729 gold pieces.
You spent 104 gold pieces at shops.

Inventory:

Missiles
 J - an arrow
Armour
 a - a +0 robe
 e - a +0 scale mail (worn)
 f - the +3 kite shield of Vehumet's Displeasure (worn) {Int+3}
   (You found it on level 8 of the Dungeon)

   It affects your intelligence (+3).
 t - a +0 pair of gloves (worn)
 I - a +2 pair of boots (worn)
 K - a +1 hat (worn)
Jewellery
 g - an uncursed amulet of magic regeneration
 o - a ring of protection from magic (left hand)
 p - a +6 ring of intelligence
 r - an uncursed ring of flight
 D - a +4 ring of protection (right hand)
 M - an uncursed ring of protection from cold
Wands
 j - a wand of iceblast (4)
 C - a wand of paralysis (9)
 E - a wand of polymorph (9)
 G - a wand of clouds (3)
 L - a wand of random effects (31)
Scrolls
 d - a scroll of noise
 h - 4 scrolls of fear
 i - 2 scrolls of teleportation
 k - 3 scrolls of magic mapping
 m - a scroll of immolation
 n - 4 scrolls of identify
 s - 3 scrolls of fog
 y - 2 scrolls of amnesia
 z - a scroll of summoning
 F - a scroll of enchant weapon
 H - 2 scrolls of blinking
 O - a scroll of vulnerability {unknown}
Potions
 c - 2 potions of heal wounds
 l - 2 potions of stabbing {unknown}
 q - 4 potions of lignification
 u - a potion of berserk rage
 w - 2 potions of brilliance
 x - 2 potions of haste
 A - 6 potions of curing
 B - a potion of resistance
 N - 2 potions of might
 Q - a potion of flight
Comestibles
 b - 21 rations
 v - 6 chunks of flesh


   Skills:
 + Level 6.9 Fighting
 + Level 10.3 Armour
 + Level 7.5 Dodging
 + Level 3.1 Stealth
 + Level 6.5 Shields
 + Level 14.0 Unarmed Combat
 + Level 1.1 Evocations


You had 10 spell levels left.
You didn't know any spells.
Your spell library contained the following spells:

 Spells                   Type           Power        Failure   Level  Hunger
 Animate Skeleton         Necr           N/A          95%         1    ##.....
 Foxfire                  Conj/Fire      #...         95%         1    ##.....
 Freeze                   Ice            #...         95%         1    ##.....
 Pain                     Necr           #...         95%         1    ##.....
 Conjure Flame            Conj/Fire      #.......     100%        3    ####...
 Frozen Ramparts          Ice            #.....       100%        3    ####...
 Inner Flame              Hex/Fire       #.......     100%        3    ####...
 Ozocubu's Armour         Chrm/Ice       #.......     100%        3    ####...
 Vampiric Draining        Necr           #.........   100%        3    ####...
 Animate Dead             Necr           N/A          100%        4    #####..
 Hailstorm                Conj/Ice       #.......     100%        4    #####..
 Sticky Flame             Conj/Fire      #.......     100%        4    #####..
 Summon Ice Beast         Ice/Summ       #.......     100%        4    #####..
 Agony                    Necr           #.......     100%        5    ######.
 Fireball                 Conj/Fire      #.........   100%        5    ######.


Dungeon Overview and Level Annotations

Branches:
Dungeon (12/15)            Temple (1/1) D:6            Lair (0/6) D:9
Ossuary (visited)
    Orc: D:9-12

Altars:
Ashenzari
Cheibriados
Elyvilon
Fedhas
Gozag
Hepliaklqana
Makhleb
Nemelex Xobeh
Okawaru
Qazlal
Ru
Sif Muna
Uskayaw
Vehumet
Wu Jian
Xom

Shops:
D:8 (   D:10 ![!   D:11 }   D:12 }


Innate Abilities, Weirdness & Mutations

You reflexively headbutt those who attack you in melee.
You have a pair of horns on your head.


Message History

You headbutt the titanic slime creature.
The titanic slime creature is moderately wounded.
The titanic slime creature misses you.
You punch the titanic slime creature!
The titanic slime creature is moderately wounded.
You block the titanic slime creature's attack.
You hit the titanic slime creature.
The titanic slime creature is moderately wounded.
You hit the titanic slime creature.
Your headbutt misses the titanic slime creature.
The titanic slime creature is moderately wounded.
You block the titanic slime creature's attack.
You pummel the titanic slime creature!!
The titanic slime creature is moderately wounded.
You block the titanic slime creature's attack.
You hit the titanic slime creature.
The titanic slime creature is moderately wounded.
The titanic slime creature hits you!!!
Ouch! That really hurt!
You die...

#...# #...# ### #...# .. #####
#.# #...# ....#######⌠.⌠###.#
#...#
........((..∩.....#####...#####
......#(###⌠.).................
..... #......#J######..........
.... #......#@# #.####'#... ...
#......#.# #.#....#... ..
#......#.# #.#....#..# #
#....###.+ #.#....#..# ##'###
..# #.#....#..# ... ..#
#.#+####..+ .... ..# #.. ...#
..... ...# #.. ....# ....#


You could see a titanic slime creature.

Vanquished Creatures
  Gastronok (D:11)
  A two-headed ogre (D:10)
  A tengu warrior (D:10)
  An unseen horror (D:10)
  2 ugly things
  A tengu conjurer (D:10)
  2 trolls (D:9)
  2 hippogriffs
  A spriggan (D:7)
  A wraith (D:10)
  4 wyverns
  Grum (D:8)
  2 hungry ghosts
  Edmund (D:5)
  A water moccasin (D:10)
  Duvessa (D:6)
  4 orc warriors
  4 ice beasts
  2 sky beasts
  3 phantoms
  5 centaurs
  8 ogres
  2 wolves (D:8)
  A big kobold (D:11)
  4 bullfrogs
  Dowan (D:6)
  A wyvern skeleton (D:7)
  2 scorpions
  14 wights
  A howler monkey (D:11)
  6 crimson imps
  A bullfrog zombie (D:8)
  2 centaur zombies (D:7)
  A jelly (D:6)
  7 orc priests
  A bullfrog skeleton (D:5)
  2 centaur skeletons
  3 hounds
  15 orc wizards
  Jessica (D:9)
  5 iguanas
  6 worker ants
  2 hound zombies
  4 hound skeletons
  12 mummies (Ossuary)
  A worker ant zombie (D:5)
  12 adders
  4 gnolls (D:3)
  3 shadow imps
  An ooze (D:1)
  2 adder zombies (D:6)
  2 adder skeletons
  3 worms
  6 leopard geckos
  50 orcs
  7 giant cockroaches
  7 goblins
  4 hobgoblins
  23 jackals
  8 quokkas
  A ball python (D:1)
  8 bats
  4 frilled lizards
  2 gnoll skeletons (Ossuary)
  18 kobolds
  3 kobold skeletons (Ossuary)
  A leopard gecko skeleton (D:7)
  3 orc skeletons (Ossuary)
  9 rats
  11 rat skeletons (Ossuary)
336 creatures vanquished.

Notes
Turn   | Place    | Note
-------+----------+-------------------------------------------
     0 | D:1      | songwithinasong the Minotaur Monk began the quest for the
                  | Orb.
     0 | D:1      | Reached XP level 1. HP: 19/19 MP: 0/0
   296 | D:1      | Reached XP level 2. HP: 26/27 MP: 1/1
   667 | D:1      | Reached XP level 3. HP: 32/33 MP: 2/2
   900 | D:2      | Found a faded altar of an unknown god.
   994 | D:2      | Reached skill level 4 in Unarmed Combat
  1723 | D:3      | Reached XP level 4. HP: 41/41 MP: 3/3
  1735 | D:3      | Reached skill level 1 in Armour
  1955 | D:3      | Found a sacrificial altar of Ru.
  2074 | D:3      | Found a snail-covered altar of Cheibriados.
  2074 | D:3      | Found a radiant altar of Vehumet.
  2142 | D:3      | Reached XP level 5. HP: 47/47 MP: 4/4
  2483 | D:4      | Reached skill level 5 in Unarmed Combat
  2763 | D:4      | Noticed a hippogriff
  2763 | D:4      | Noticed a phantom
  2775 | D:4      | Killed a hippogriff
  2775 | D:4      | Reached XP level 6. HP: 4/55 MP: 5/5
  3859 | D:4      | Reached skill level 6 in Unarmed Combat
  4107 | D:3      | Reached XP level 7. HP: 60/60 MP: 6/6
  4196 | D:5      | Entered Level 5 of the Dungeon
  4231 | D:5      | Reached skill level 5 in Armour
  4250 | D:5      | Reached skill level 5 in Fighting
  4360 | D:5      | Found a sparkling altar of Nemelex Xobeh.
  4797 | D:5      | Noticed Edmund
  4818 | D:5      | Killed Edmund
  4818 | D:5      | Reached skill level 7 in Unarmed Combat
  5110 | D:6      | Reached XP level 8. HP: 68/68 MP: 7/7
  5141 | D:6      | Found a sand-covered staircase.
  5163 | Ossuary  | Entered an ossuary
  5566 | Ossuary  | Reached skill level 8 in Unarmed Combat
  5943 | D:6      | Reached skill level 5 in Dodging
  6155 | D:6      | Noticed Duvessa
  6161 | D:6      | Killed Duvessa
  6161 | D:6      | Reached skill level 9 in Unarmed Combat
  6164 | D:6      | Noticed Dowan
  6174 | D:6      | Killed Dowan
  6303 | D:6      | Reached XP level 9. HP: 20/74 MP: 8/8
  6642 | D:6      | Found a staircase to the Ecumenical Temple.
  6664 | Temple   | Entered the Ecumenical Temple
  6680 | Temple   | Became a worshipper of the Wu Jian Council
  6680 | Temple   | Reached * piety under Wu Jian
  6680 | Temple   | Reached ** piety under Wu Jian
  6871 | D:6      | Found a stormy altar of Qazlal.
  7261 | D:7      | Reached skill level 10 in Unarmed Combat
  8185 | D:8      | Reached skill level 11 in Unarmed Combat
  8205 | D:8      | Noticed Grum
  8221 | D:8      | Killed Grum
  8590 | D:8      | Got a steaming kite shield
  8596 | D:8      | Identified the +3 kite shield of Vehumet's Displeasure
                  | {Int+3} (You found it on level 8 of the Dungeon)
  8667 | D:8      | Found Katiagg's Weapon Emporium.
  8801 | D:8      | Reached XP level 10. HP: 75/83 MP: 9/9
  8828 | D:8      | Reached *** piety under Wu Jian
  8986 | D:8      | Found a hazy altar of Hepliaklqana.
  9376 | D:9      | Found a staircase to the Lair.
  9530 | D:9      | Reached skill level 1 in Shields
  9822 | D:9      | Reached skill level 12 in Unarmed Combat
 10007 | D:9      | Found a shimmering altar of Xom.
 10238 | D:9      | Reached **** piety under Wu Jian
 10405 | D:9      | Noticed Jessica
 10418 | D:9      | Found a shimmering blue altar of Sif Muna.
 10426 | D:9      | Killed Jessica
 10494 | D:10     | Entered Level 10 of the Dungeon
 10665 | D:10     | Found Qecwoa's Distillery.
 10702 | D:10     | Killed an unseen horror
 10725 | D:10     | Bought a potion of might for 52 gold pieces
 10725 | D:10     | Bought a potion of degeneration for 13 gold pieces
 11125 | D:10     | Noticed a two-headed ogre
 11132 | D:10     | Killed a two-headed ogre
 11132 | D:10     | Reached skill level 13 in Unarmed Combat
 11198 | D:10     | Bought a potion of curing for 39 gold pieces
 11259 | D:10     | Reached skill level 1 in Evocations
 11426 | D:10     | Found Wojoa's Armour Emporium.
 11435 | D:10     | Noticed a tengu warrior
 11485 | D:10     | Killed a tengu warrior
 11485 | D:10     | Reached skill level 5 in Shields
 11485 | D:10     | Reached XP level 11. HP: 41/91 MP: 10/10
 11855 | D:10     | Found Vukhlaush's Distillery.
 12171 | D:11     | Noticed Gastronok
 12171 | D:11     | Noticed a brown ugly thing
 12187 | D:10     | Killed a brown ugly thing
 12187 | D:10     | Reached skill level 10 in Armour
 12364 | D:11     | Killed Gastronok
 12533 | D:11     | Found Zoll's Gadget Emporium.
 12733 | D:11     | Noticed a purple ugly thing
 12747 | D:11     | Killed a purple ugly thing
 12898 | D:11     | Reached ***** piety under Wu Jian
 13138 | D:11     | Reached skill level 14 in Unarmed Combat
 13328 | D:12     | Found Ziemue's Gadget Shop.
 13374 | D:12     | Slain by a titanic slime creature

Illustrated notes

Levels and vault maps discovered:
D:1:      nagdon_arrival_zigzag_paths, layout_basic
D:2:      layout_loops_ring, chequers_ecumenical_altar_simple_redux
D:3:      layout_basic, marbit_many_paths, grunt_temple_overflow_open
D:4:      minmay_spotlight, layout_loops_corners, first_ration
D:5:      layout_loops_cross, nemelex_diamond_rough_becter, uniq_edmund
D:6:      layout_loops_ring, minmay_temple_entry_slanted, basic_altar,
          enter_ossuary_1, kennysheep_generic_room_12, uniq_duvessa
D:7:      layout_basic, the_bakery, grunt_ministairs_1, hex_tiny
D:8:      layout_loops_corners, kennysheep_little_box, serial_shops, shop,
          dk_noncrumbling_4, minmay_diced_spiral, uniq_grum
D:9:      layout_rooms, tgw_sif, xom_teletrap_fun, dpeg_oklobed_lair
D:10:     layout_loops_corners, serial_shops, shop, kennysheep_mini_moat,
          nicolae_shop_crystal
D:11:     layout_rooms, serial_shops,
          nicolae_shop_temple_entry_statues_fountains, uniq_gastronok
D:12:     layout_irregular_city, erik_orc_3, serial_shops, shop_fountains,
          drop_trap
Temple:   lightli_temple_of_artemis

Skill      XL: |  1  2  3  4  5  6  7  8  9 10 11 |
---------------+----------------------------------+-----
Fighting       | 4 5 6 |  6.9
Unarmed Combat | 4 5 6 7 9 11 13 14 | 14.0
Armour         | 1 3 4 6 7 9 10 | 10.3
Dodging        | 4 5 6 7 |  7.5
Stealth        | 2 3 |  3.1
Shields        | 5 6 |  6.5
Evocations     | 1 |  1.1

Action                   |  1- 3 |  4- 6 |  7- 9 | 10-12 || total
-------------------------+-------+-------+-------+-------++-------
Melee: Unarmed           |   110 |   153 |   468 |   555 ||  1286
       Headbutt          |    11 |    20 |   101 |    98 ||   230
       Punch             |     1 |     3 |    17 |       ||    21
Invok: Lunge             |       |       |     9 |    24 ||    33
       Whirlwind         |       |       |     3 |    26 ||    29
Evoke: Wand              |       |       |     6 |     1 ||     7
  Use: Potion            |     2 |     1 |       |     3 ||     6
       Scroll            |       |     3 |    17 |     3 ||    23
 Stab: Confused          |       |       |       |     1 ||     1
  Eat: Chunk             |     2 |     8 |     9 |    17 ||    36
       Ration            |       |       |     2 |     1 ||     3
Armor: Robe              |     3 |       |       |       ||     3
       Scale mail        |    34 |    58 |   115 |   187 ||   394
       Skin              |       |       |       |     5 ||     5
Dodge: Dodged            |    73 |    88 |   205 |   124 ||   490
Block: Kite shield       |       |       |     3 |   258 ||   261
